 Dungeon Crawl Stone Soup version 0.26.1-11-gd32895ea62 (webtiles) character file.

Game seed: 18437591991075505773

13543 Almogavar the Destroyer (level 11, -5/83 HPs)
             Began as a Green Draconian Conjurer on May 21, 2021.
             Was an Elder of Sif Muna.
             Slain by a black mamba (12 damage)
             ... on level 2 of the Lair of Beasts.
             The game lasted 01:02:02 (16678 turns).

Almogavar the Destroyer (Green Draconian Conjurer) Turns: 16678, Time: 01:02:03

Health: -5/83      AC:  9    Str: 14    XL:     11   Next: 77%
Magic:  19/25      EV: 14    Int: 21    God:    Sif Muna [****..]
Gold:   580        SH:  0    Dex: 10    Spells: 25/31 levels left

rFire    . . .     SeeInvis .   j - +8 rapier of Demonkind {vamp, +Rage rPois rC+ Str+4}
rCold    + . .     Faith    .   (no shield)
rNeg     + . .     Spirit   .   (armour unavailable)
rPois    +         Reflect  .   (helmet restricted)
rElec    .         Harm     .   E - +0 cloak
rCorr    .         Rampage  .   (no gloves)
Will     .....                  J - +0 pair of boots
Stlth    +++.......             (no amulet)
HPRegen  0.23/turn              i - ring of positive energy
MPRegen  0.19/turn              (no ring)

@: lethally poisoned (-5 -> -24), about to teleport
A: breathe noxious fumes, unfitting armour, poison resistance, cold-blooded, AC
+7
a: Breathe Noxious Fumes, Renounce Religion, Evoke Berserk Rage, Channel Magic,
Forget Spell, Divine Exegesis


You were on level 2 of the Lair of Beasts.
You worshipped Sif Muna.
Sif Muna was greatly pleased with you.
You visited 3 branches of the dungeon, and saw 13 of its levels.
You also visited: Ossuary.

You collected 580 gold pieces.

Inventory:

Hand Weapons
 b - a +4 long sword of freezing
 j - the +8 rapier of Demonkind (weapon) {vamp, +Rage rPois rC+ Str+4}
   (You found it on level 2 of the Lair of Beasts)

   It inflicts no extra harm, but heals its wielder when it wounds a living foe.
   It affects your strength (+4).
   It protects you from cold.
   It protects you from poison.
   It lets you go berserk.
 I - a +3 scimitar of flaming
Armour
 E - a +0 cloak (worn)
 J - a +0 pair of boots (worn)
Magical Staves
 D - an uncursed staff of death
 F - an uncursed staff of fire
Jewellery
 i - a ring of positive energy (left hand)
Wands
 f - a wand of iceblast (10)
 g - a wand of digging (5)
 m - a wand of flame (51)
 o - a wand of paralysis (15)
 x - a wand of random effects (27)
 H - a wand of polymorph (12)
Scrolls
 a - 3 scrolls of enchant weapon
 c - 4 scrolls of amnesia
 d - 4 scrolls of teleportation
 e - 2 scrolls of magic mapping
 k - a scroll of fear
 q - 8 scrolls of immolation {unknown}
 t - 5 scrolls of remove curse {unknown}
 v - a scroll of fog {unknown}
 y - 4 scrolls of noise {unknown}
 B - a scroll of acquirement {unknown}
Potions
 h - 4 potions of curing
 l - 6 potions of mutation {unknown}
 n - 2 potions of might {unknown}
 p - 3 potions of ambrosia {unknown}
 r - 4 potions of flight {unknown}
 s - 2 potions of cancellation {unknown}
 u - a potion of brilliance {unknown}
 w - 5 potions of lignification {unknown}
 z - a potion of invisibility {unknown}
 A - 2 potions of haste {unknown}
 C - a potion of resistance {unknown}
Miscellaneous
 G - a phial of floods


   Skills:
 + Level 3.9 Fighting
 + Level 4.9 Long Blades
 + Level 5.9 Dodging
 + Level 5.1 Stealth
 + Level 10.5 Spellcasting
 + Level 12.2 Conjurations


You had 25 spell levels left.
You knew the following spells:

 Your Spells              Type           Power        Failure   Level
a - Magic Dart            Conj           100%         1%          1
b - Searing Ray           Conj           100%         1%          2
c - Dazzling Flash        Conj/Hex       72%          1%          3

Your spell library contained the following spells:

 Spells                   Type           Power        Failure   Level
 Fulminant Prism          Conj/Hex       18%          4%          4
 Iskenderun's Mystic Bla  Conj/Tloc      36%          4%          4
 Summon Guardian Golem    Hex/Summ       11%          19%         3
 Silence                  Hex/Air        5%           86%         5
 Discord                  Hex            5%           100%        8


Dungeon Overview and Level Annotations

Branches:
Dungeon (10/15)            Temple (1/1) D:5            Lair (2/6) D:9
Ossuary (visited)
  Swamp: Lair:2-4    Shoals: Lair:2-4     Snake: Lair:2-4    Spider: Lair:2-4
    Orc: D:9-12

Altars:
Ashenzari
Cheibriados
Dithmenos
Elyvilon
Fedhas
Hepliaklqana
Makhleb
Okawaru
Ru
Sif Muna
Vehumet
Yredelemnul
The Shining One

Shops:
D:5 }   D:9 *

Annotations:
D:10 Urug


Innate Abilities, Weirdness & Mutations

You can breathe blasts of noxious fumes.
Your lurid green scales are hard. (AC +7)
You cannot fit into any form of body armour.
Your system is resistant to poisons. (rPois)
You are cold-blooded and may be slowed by cold attacks.


Message History

The black mamba closely misses you. The water moccasin closely misses you.
You fail to use your ability.
The black mamba misses you.
The water moccasin bites you but does no damage.
The black mamba bites you!
* * * LOW HITPOINT WARNING * * *
You feel better.
The black mamba bites you but does no damage.
The water moccasin barely misses you. The black mamba bites you.
* * * LOW HITPOINT WARNING * * *
As you read the scroll of teleportation, it crumbles to dust.
You feel strangely unstable.
The water moccasin bites you but does no damage.
The black mamba bites you!
* * * LOW HITPOINT WARNING * * *
The water moccasin bites you but does no damage.
You feel better. The black mamba bites you.
* * * LOW HITPOINT WARNING * * *
You are lethally poisoned!
The black mamba poisons you! The black mamba bites you!
You die...

####..# ... . ##..... ..# . .
###....P. ..# .. .# ##P###...P.
..# ... ..######.........#####
..#....
....#.#...........##.####.......
#..#.#.......^..................
.#..#...........@S.†..†.........
..†<...........S...###.##.......
..÷÷................#### ..##...
...................## .... .
...................# #..#.
....#..............### .P. ..
.#..#.)###...........# .... #
##.##..##............# .....
.#.##................#..


You could see a black mamba and a water moccasin.

Vanquished Creatures
  Erica (Lair:1)
  A death yak (D:9)
  A wizard (D:10)
  2 black mambas
  A cane toad (Lair:1)
  Maggie (D:10)
  2 komodo dragons (Lair:1)
  A polar bear (Lair:2)
  A hornet (D:10)
  A troll (D:9)
  Grinder (D:3)
  Sigmund (D:2)
  A wyvern (Lair:1)
  21 yaks
  8 water moccasins
  A hornet zombie (D:10)
  3 orc warriors
  An ice beast (D:8)
  An eye of draining (D:8)
  A sky beast (D:6)
  A black bear (Lair:1)
  7 ogres
  3 big kobolds
  9 bullfrogs
  A wyvern skeleton (D:7)
  3 scorpions
  22 killer bees (D:9)
  10 wights
  5 howler monkeys
  A centaur zombie (Ossuary)
  4 hounds
  3 jellies
  A bullfrog skeleton (D:8)
  2 centaur skeletons
  A human zombie (Ossuary)
  3 orc priests
  8 orc wizards
  Jessica (D:2)
  2 iguanas
  6 worker ants
  A big kobold zombie (Ossuary)
  A hound skeleton (D:9)
  2 mummies (Ossuary)
  Robin (D:2)
  4 gnolls (D:3)
  2 worker ant zombies
  13 adders
  6 white imps
  An ufetubus (D:7)
  2 oozes (D:5)
  An adder skeleton (D:9)
  5 dart slugs
  A worm (D:2)
  8 leopard geckos
  37 orcs
  3 ball pythons
  11 bats
  4 giant cockroaches
  15 goblins
  11 hobgoblins
  8 jackals (D:5)
  21 kobolds
  2 quokkas
  A frilled lizard (D:1)
  A hobgoblin zombie (Ossuary)
  2 kobold zombies (Ossuary)
  A leopard gecko skeleton (D:8)
  A leopard gecko zombie (D:8)
  2 orc zombies (Ossuary)
  A quokka skeleton (D:6)
  5 rats
318 creatures vanquished.

Vanquished Creatures (others)
  5 fungi
  9 plants
14 creatures vanquished.

Grand Total: 332 creatures vanquished

Notes
Turn   | Place    | Note
-------+----------+-------------------------------------------
     0 | D:1      | Almogavar the Draconian Conjurer began the quest for the
                  | Orb.
     0 | D:1      | Reached XP level 1. HP: 14/14 MP: 3/3
   120 | D:1      | Found an iron altar of Okawaru.
   166 | D:1      | Reached XP level 2. HP: 20/20 MP: 1/5
   487 | D:1      | Learned a level 2 spell: Searing Ray
   991 | D:2      | Reached XP level 3. HP: 26/26 MP: 1/6
  1319 | D:2      | Noticed Jessica
  1325 | D:2      | Killed Jessica
  1326 | D:2      | Reached skill level 5 in Conjurations
  1326 | D:2      | Reached XP level 4. HP: 33/33 MP: 3/7
  1827 | D:2      | Noticed Sigmund
  1834 | D:2      | Killed Sigmund
  1835 | D:2      | Reached XP level 5. HP: 28/38 MP: 0/9
  1974 | D:2      | Noticed Robin
  1982 | D:2      | Reached skill level 6 in Conjurations
  1985 | D:2      | Killed Robin
  2159 | D:2      | Reached XP level 6. HP: 45/45 MP: 5/10
  3232 | D:3      | Noticed Grinder
  3238 | D:3      | Killed Grinder
  3239 | D:3      | Reached skill level 1 in Long Blades
  3239 | D:3      | Your scales start taking on a lurid green colour.
  3239 | D:3      | Reached XP level 7. HP: 50/50 MP: 4/13
  3239 | D:3      | Gained mutation: Your system is resistant to poisons.
                  | (rPois) [Green Draconian growth]
  4628 | D:5      | Entered Level 5 of the Dungeon
  4688 | D:5      | Found Hateg's Gadget Shop.
  4704 | D:5      | Found a staircase to the Ecumenical Temple.
  4711 | Temple   | Entered the Ecumenical Temple
  4828 | Temple   | Became a worshipper of Sif Muna the Loreminder
  5152 | D:5      | Reached skill level 5 in Spellcasting
  5152 | D:5      | Reached skill level 7 in Conjurations
  5885 | D:6      | Found a sand-covered staircase.
  5889 | Ossuary  | Entered an ossuary
  5916 | Ossuary  | Reached XP level 8. HP: 44/58 MP: 15/15
  6577 | D:6      | Learned a level 3 spell: Dazzling Flash
  7008 | D:7      | Reached skill level 1 in Fighting
  7163 | D:7      | Reached skill level 8 in Conjurations
  7265 | D:7      | Reached * piety under Sif Muna
  7536 | D:7      | Found a blossoming altar of Fedhas.
  7808 | D:7      | Identified the Guide on Curses
  7978 | D:8      | Reached XP level 9. HP: 64/64 MP: 5/18
  8630 | D:8      | Reached ** piety under Sif Muna
  9502 | D:8      | Reached skill level 9 in Conjurations
 10706 | D:9      | Reached *** piety under Sif Muna
 10800 | D:9      | Noticed a troll
 10807 | D:9      | Killed a troll
 10808 | D:9      | Reached XP level 10. HP: 73/73 MP: 15/22
 11007 | D:9      | Found Quemaxt's Demolitions Depot.
 11264 | D:9      | Noticed a death yak
 11281 | D:9      | Reached skill level 10 in Conjurations
 11289 | D:9      | Killed a death yak
 11707 | D:9      | Reached skill level 5 in Dodging
 11827 | D:9      | Reached skill level 11 in Conjurations
 11925 | D:9      | Found a staircase to the Lair.
 12081 | D:9      | Reached **** piety under Sif Muna
 12543 | D:10     | Entered Level 10 of the Dungeon
 12648 | D:10     | Reached XP level 11. HP: 67/81 MP: 12/24
 12775 | D:10     | Noticed Maggie
 12784 | D:10     | Killed Maggie
 13617 | D:10     | Noticed a wizard
 13617 | D:10     | Noticed an orc knight
 13619 | D:10     | Noticed Urug
 13651 | D:10     | Killed a wizard
 13728 | D:10     | Noticed a deep elf knight
 14201 | Lair:1   | Entered Level 1 of the Lair of Beasts
 14215 | Lair:1   | Reached skill level 5 in Stealth
 14575 | Lair:1   | Noticed Erica
 14582 | Lair:1   | Killed Erica
 14583 | Lair:1   | Reached skill level 10 in Spellcasting
 16068 | Lair:2   | Got a warped rapier
 16168 | Lair:2   | Reached skill level 12 in Conjurations
 16560 | Lair:2   | Identified the +8 rapier of Demonkind {vamp, +Rage rPois
                  | rC+ Str+4} (You found it on level 2 of the Lair of Beasts)
 16675 | Lair:2   | HP: 4/83 [black mamba (11)]
 16678 | Lair:2   | Slain by a black mamba

Illustrated notes

Levels and vault maps discovered:
D:1:      mrwooster_arrival_statue, layout_rooms, serial_park_tiny_pond,
          minmay_stone_trees_medium, okawaru_ov_weapons_minmay
D:2:      layout_basic, uniq_jessica, uniq_robin, uniq_sigmund
D:3:      layout_basic, uniq_grinder
D:4:      layout_cave_pods, corexii_hall_statues_i
D:5:      layout_basic, minmay_temple_entry_hall, serial_shops, shop,
          water_boxes_lemuel
D:6:      layout_basic, nicolae_ossuary_entry_false_entrances
D:7:      layout_cave_pools, overflow_temple_1_default
D:8:      kennysheep_spiral_hall, layout_layer_cave, serial_glass,
          glass_columns_b, glass_columns_a, minmay_strange_pillars,
          due_unseen_surprise
D:9:      argonaut_augean_stables, layout_basic, lair_entry_dummy,
          serial_corexii_hall, corexii_hall_statues_deadend,
          corexii_hall_statues_x, nicolae_blasting_shop
D:10:     layout_big_octagon, sword_in_stone, uniq_maggie
Temple:   kilobyte_greek_temple
Lair:1:   layout_layer_cave, hibernation_bobbens, grunt_megastairs_3,
          infiniplex_staircase_pool_2, serial_bayou_shore_b, uniq_erica
Lair:2:   layout_gridlike, minmay_snake_entry_six_corridors

Skill      XL: |  1  2  3  4  5  6  7  8  9 10 11 |
---------------+----------------------------------+-----
Dodging        | 2 3 5 |  5.9
Stealth        | 2 3 4 5 |  5.1
Conjurations   | 5 6 7 8 9 11 12 | 12.2
Spellcasting   | 3 4 5 6 8 9 10 | 10.5
Long Blades    | 1 3 4 |  4.9
Fighting       | 1 2 3 |  3.9

Action                   |  1- 3 |  4- 6 |  7- 9 | 10-12 || total
-------------------------+-------+-------+-------+-------++-------
Melee: Falchion          |    12 |    10 |    66 |     8 ||    96
       Tailslap          |     2 |       |    12 |     3 ||    17
       Rapier            |       |       |       |     2 ||     2
       Scimitar          |       |       |       |     2 ||     2
       Long sword        |       |       |       |     1 ||     1
 Cast: Magic Dart        |    39 |    42 |   186 |   106 ||   373
       Searing Ray       |     4 |     9 |    80 |    87 ||   180
       Dazzling Flash    |       |       |       |     2 ||     2
 Abil: Breathe Noxious F |       |       |       |     6 ||     6
  Use: Scroll            |       |     3 |     7 |     3 ||    13
       Potion            |       |       |       |     5 ||     5
Armor: Skin              |     8 |     8 |    17 |    43 ||    76
Dodge: Dodged            |    11 |     8 |    83 |    85 ||   187
       Rpst.: Falchion   |     3 |     1 |    21 |    17 ||    42
       Long sword        |       |       |       |     2 ||     2
       Scimitar          |       |       |       |     2 ||     2
